 Dungeon Crawl Stone Soup version 0.29.1-1-gd02db6906a (webtiles) character file.

Game seed: 16192784219664885721

16 LabCoat the Trooper (level 2, 0/27 HPs)
             Began as a Hill Orc Fighter on Oct 8, 2022.
             Slain by a gnoll
             ... wielding a +0 flail
              (4 damage)
             ... on level 1 of the Dungeon.
             The game lasted 00:01:04 (557 turns).

LabCoat the Trooper (Hill Orc Fighter)               Turns: 557, Time: 00:01:04

Health: 0/27       AC:  6    Str: 18    XL:     2   Next: 54%
Magic:  2/2        EV:  9    Int:  8    God:
Gold:   29         SH:  4    Dex: 10    Spells: 1/1 levels left

rFire   . . .      SeeInvis .   a - +0 war axe
rCold   . . .      Faith    .   c - +0 buckler
rNeg    . . .      Spirit   .   b - +0 scale mail
rPois   .          Reflect  .   (no helmet)
rElec   .          Harm     .   (no cloak)
rCorr   .          Rampage  .   (no gloves)
Will    .....                   (no boots)
Stlth   ..........              (no amulet)
HPRegen 0.09/turn               (no ring)
MPRegen 0.08/turn               (no ring)

@: mighty
A: no striking features
a: no special abilities


You were on level 1 of the Dungeon.
You visited 1 branch of the dungeon, and saw 1 of its levels.

You collected 29 gold pieces.

Inventory:

Hand Weapons
 a - a +0 war axe (weapon)
Armour
 b - a +0 scale mail (worn)
 c - a +0 buckler (worn)


   Skills:
 * Level 3.8 Fighting
 * Level 3.1 Axes
 + Level 0.2 Throwing
 + Level 3.3 Armour
 + Level 0.2 Dodging
 + Level 3.4 Shields
 + Level 0.3 Evocations


You had one spell level left.
You didn't know any spells.
Your spell library was empty.

Dungeon Overview and Level Annotations

Branches:
Dungeon (1/15)

Altars:


Message History

You see here a frilled lizard corpse.
As you open the door, it creaks loudly!
You hear a shout!
There is an open door here.
A hobgoblin comes into view.
The hobgoblin shouts!
The hobgoblin hits you but does no damage.
You barely miss the hobgoblin. The hobgoblin hits you. x2
You slash the hobgoblin!
You kill the hobgoblin!
Found a stone staircase leading down.
A hobgoblin comes into view.
The hobgoblin shouts!
Found an escape hatch in the floor.
The hobgoblin barely misses you.
You barely miss the hobgoblin.
The hobgoblin hits you but does no damage.
You block the hobgoblin's attack.
You slash the hobgoblin!
You kill the hobgoblin!
You now have 29 gold pieces (gained 5).
You open the door.
There is an open door here.
You open the door.
There is an open door here.
A gnoll comes into view. It is wielding a +0 flail.
The gnoll shouts!
There is a stone staircase leading down here.
The gnoll hits you with a +0 flail.
You hit the gnoll.
The gnoll is heavily wounded.
The gnoll barely misses you. The gnoll hits you with a +0 flail.
You closely miss the gnoll.
The gnoll is heavily wounded.
The gnoll hits you with a +0 flail.
You closely miss the gnoll.
The gnoll is heavily wounded.
The gnoll hits you with a +0 flail!
* * * LOW HITPOINT WARNING * * *
You feel very mighty all of a sudden. The gnoll hits you with a +0 flail.
You die...

..≈≈#.##.........................
<.≈...#........#...........##....
.§≈≈#.#........#...........##....
§§≈≈#..........#............#....
§§§≈##.........#............##...
##'###.........#........... #...
#..##.................. #...
##............>........ #...
#####........#@....... #...
#........#g.......
#........#........
#........########. #........#
##########


You could see a gnoll.

Vanquished Creatures
  A dart slug (D:1)
  An endoplasm (D:1)
  4 hobgoblins (D:1)
  3 kobolds (D:1)
  A bat (D:1)
  A frilled lizard (D:1)
  A rat (D:1)
12 creatures vanquished.

Notes
Turn   | Place    | Note
-------+----------+-------------------------------------------
     0 | D:1      | LabCoat the Hill Orc Fighter began the quest for the Orb.
     0 | D:1      | Reached XP level 1. HP: 19/19 MP: 1/1
   182 | D:1      | Reached XP level 2. HP: 24/27 MP: 2/2
   557 | D:1      | Slain by a gnoll

Illustrated notes

Levels and vault maps discovered:
D:1:      ncdulo_lavacross, layout_basic, minmay_misc_feat_columns, nrook_uturn

Skill      XL: |  1  2 |
---------------+-------+-----
Axes           | 3 |  3.1
Fighting       | |  3.8
Throwing       | |  0.2
Armour         | |  3.3
Dodging        | |  0.2
Shields        | |  3.4
Evocations     | |  0.3

Action                   || total
-------------------------++-------
Melee: War axe           ||    31
  Use: Scroll            ||     3
       Potion            ||     1
Armor: Scale mail        ||    10
Dodge: Dodged            ||    16
Block: Buckler           ||     2
